 Dungeon Crawl Stone Soup version 0.20-a0-1034-gb277f92 (webtiles) character file.

79 Duffy the Shield-Bearer (level 4, -2/42 HPs)
             Began as a Naga Fighter on Apr 21, 2017.
             Slain by Sigmund
             ... wielding a +0 scythe
              (8 damage)
             ... on level 2 of the Dungeon.
             The game lasted 00:01:38 (2030 turns).

Duffy the Shield-Bearer (Naga Fighter)              Turns: 2030, Time: 00:01:40

Health: -2/42      AC:  6    Str: 19    XL:     4   Next: 37%
Magic:  4/4        EV:  5    Int:  9    God:
Gold:   76         SH:  8    Dex: 10    Spells: 3/3 levels left

rFire    + . .     SeeInvis +   e - +0 short sword (venom)
rCold    . . .     Gourm    .   c - +0 shield
rNeg     . . .     Faith    .   m - +2 scale mail {rF+}
rPois    +         Spirit   .   (no helmet)
rElec    .         Reflect  .   (no cloak)
rCorr    .         Harm     .   (no gloves)
MR       .....                  (no barding)
Stlth    ..........             (no amulet)
Regen    0.2/turn               (no ring)
MPRegen  0.1/turn               (no ring)

@: heavily drained, very slow
A: see invisible, deformed body, poison resistance, slowness 2, slow metabolism
1, spit poison 1, AC +1
a: Spit Poison


You were on level 2 of the Dungeon.
You were not hungry.

You visited 1 branch of the dungeon, and saw 2 of its levels.

You collected 76 gold pieces.

Inventory:

Hand Weapons
 a - a +0 war axe
 e - a +0 short sword of venom (weapon)
Armour
 b - a +0 scale mail
 c - a +0 shield (worn)
 m - a +2 scale mail of fire resistance (worn)
Scrolls
 g - 2 scrolls of teleportation {unknown}
 i - a scroll of recharging {unknown}
 k - 4 scrolls of remove curse
 o - a scroll of fog {unknown}
Potions
 d - a potion of might
 j - 2 potions of curing
 p - a potion of heal wounds
Comestibles
 f - a bread ration
 q - 3 chunks of flesh


   Skills:
 - Level 3.0(1.3) Fighting
 - Level 2.0(0.4) Axes
 - Level 2.4(0.7) Armour
 + Level 4.1(2.4) Shields


You had 3 spell levels left.
You didn't know any spells.

Dungeon Overview and Level Annotations

Branches:
Dungeon (2/15)

Altars:

Annotations:
D:2 Sigmund


Innate Abilities, Weirdness & Mutations

You cannot wear boots.
Your serpentine skin is tough. (AC +1)
You have supernaturally acute eyesight. (SInv)
Armour fits poorly on your strangely shaped body.
Your system is resistant to poisons. (rPois)
You cover ground very slowly.
You have a slow metabolism.
You can spit poison.


Message History

The puff of flame hits you! You resist. Sigmund hits you but does no damage.
You are too injured to fight recklessly!
You are too injured to fight recklessly!
You are too injured to fight recklessly!
You are too injured to fight recklessly!
You hit Sigmund.
Sigmund looks as sick as possible!
Sigmund is moderately wounded.
You hit Sigmund.
Sigmund looks as sick as possible!
Sigmund is moderately wounded.
Sigmund hits you with a scythe!
You closely miss Sigmund.
Sigmund is heavily wounded.
You block Sigmund's attack.
You hit Sigmund.
Sigmund looks as sick as possible!
Sigmund is heavily wounded.
Sigmund hits you with a scythe.
You hit Sigmund.
Sigmund looks as sick as possible!
Sigmund is severely wounded.
Sigmund hits you with a scythe!
You die...

##.........###....#.##..###...
####..........# #................
..............# #........>.....#.
.....#####..### #......%........#
......###...# #...............#
...<.......## #...............#
.......>..#######..")#.........##
.#...............######...#...##
#.........######@##############
...........# #.@.......
...........# #.........
...........# #..........
#.........## #..........
##...#...## #.......... #########
#.......... #..........
##....@....


You could see Sigmund.

Vanquished Creatures
  Terence (D:2)
  An adder (D:1)
  A worm (D:2)
  A leopard gecko (D:2)
  A ball python (D:2)
  5 giant cockroaches
  10 goblins
  3 hobgoblins (D:1)
  A quokka (D:2)
  4 bats (D:1)
  2 frilled lizards
  6 kobolds (D:1)
  5 rats (D:1)
41 creatures vanquished.

Notes
Turn   | Place    | Note
-------+----------+-------------------------------------------
     0 | D:1      | Duffy the Naga Fighter began the quest for the Orb.
     0 | D:1      | Reached XP level 1. HP: 21/21 MP: 1/1
   346 | D:1      | Reached XP level 2. HP: 27/28 MP: 2/2
   442 | D:1      | Reached skill level 3 in Shields
   773 | D:1      | Reached XP level 3. HP: 32/34 MP: 3/3
  1967 | D:2      | Noticed Terence
  1968 | D:2      | Noticed Sigmund
  1984 | D:2      | Killed Terence
  1984 | D:2      | Reached skill level 4 in Shields
  1984 | D:2      | Reached XP level 4. HP: 42/42 MP: 4/4
  2030 | D:2      | Slain by Sigmund

Vault maps used:
D:1:      elethiomel_arrival_shortcut, minmay_parallelograms, minmay_hexomino_f4
D:2:      st_stairs_10, uniq_sigmund, uniq_terence, uniq_crazy_yiuf_cottage

Skill      XL: |  1  2  3 |
---------------+----------+-----
Shields        | 3 4 |  4.1
Fighting       | |  3.0
Axes           | |  2.0
Armour         | |  2.4

Action                   |  1- 3 |  4- 6 || total
-------------------------+-------+-------++-------
Melee: War axe           |    24 |       ||    24
       Dagger            |   131 |       ||   131
       Short sword       |       |     9 ||     9
 Abil: Spit Poison       |     1 |       ||     1
  Use: Scroll            |     5 |       ||     5
  Eat: Chunk             |     2 |     1 ||     3
Armor: Scale mail        |    71 |     1 ||    72
Dodge: Dodged            |    36 |     1 ||    37
Block: Shield            |    89 |     1 ||    90
